 Dungeon Crawl Stone Soup version 0.22-a0-580-gd5db89c09a (webtiles) character file.

990 Fandomethor the Spear-Bearer (level 8, -20/52 HPs)
             Began as an Octopode Monk on July 3, 2018.
             Demolished by an ogre
             ... wielding a +0 giant club
              (28 damage)
             ... on level 4 of the Dungeon.
             The game lasted 00:04:29 (2565 turns).

Fandomethor the Spear-Bearer (Octopode Monk)        Turns: 2565, Time: 00:04:30

Health: -20/52     AC:  1    Str: 11    XL:     8   Next: 18%
Magic:  8/8        EV: 14    Int: 14    God:
Gold:   149        SH:  0    Dex: 16    Spells: 7/7 levels left

rFire    . . .     SeeInvis .   h - +1 spear (flame)
rCold    . . .     Gourm    .   (no shield)
rNeg     . . .     Faith    .   (helmet restricted)
rPois    .         Spirit   .   (no amulet)
rElec    .         Reflect  .   (no ring)
rCorr    .         Harm     .   (no ring)
MR       .....                  (no ring)
Stlth    +++.......             (no ring)
HPRegen  0.17/turn              (no ring)
MPRegen  0.11/turn              (no ring)
                                (no ring)
                                (no ring)

@: no status effects
A: almost no armour, stealthy swim, amphibious, 8 rings, constrict 8, camouflage
1, agile 1, gelatinous body 1, no potion heal 1, MP-powered wands
a: no special abilities


You were on level 4 of the Dungeon.
You were near starving.

You visited 1 branch of the dungeon, and saw 4 of its levels.

You collected 149 gold pieces.

Inventory:

Hand Weapons
 h - a +1 spear of flaming (weapon)
Jewellery
 a - an uncursed amulet of faith {unknown}
Scrolls
 e - 3 scrolls of immolation {unknown}
 f - 3 scrolls of teleportation {unknown}
 g - a scroll of enchant weapon {unknown}
 i - 2 scrolls of remove curse {unknown}
 o - a scroll of identify {unknown}
Potions
 l - 2 potions of degeneration
Comestibles
 b - 7 rations


   Skills:
 - Level 3.0 Fighting
 + Level 9.7 Polearms
 - Level 3.0 Dodging
 - Level 2.6 Stealth


You had 7 spell levels left.
You didn't know any spells.
Your spell library was empty.

Dungeon Overview and Level Annotations

Branches:
Dungeon (4/15)
 Temple: D:4-7

Altars:
Ashenzari
Hepliaklqana


Innate Abilities, Weirdness & Mutations

You cannot wear most types of armour.
You are very stealthy in the water. (Stealth+)
You are amphibious.
You can wear up to eight rings at the same time.
You can use your tentacles to constrict eight enemies at once.
Your skin changes colour to match your surroundings (Stealth+).
Your rubbery body absorbs attacks. (AC +1, EV +1)
You are agile. (Dex +2)
Potions are less effective at restoring your health.
You expend magic power (3 MP) to strengthen your wands.


Message History

The ogre hits you with a giant club!
* * * LOW HITPOINT WARNING * * *
You hit the ogre. You burn the ogre. You squeeze the ogre, but do no damage.
The ogre is heavily wounded.
You hit the ogre. You burn the ogre.
The ogre is heavily wounded.
The ogre misses you.
You barely miss the ogre. Your squeeze misses the ogre.
The ogre is heavily wounded.
You are near starving!
Your system partially rejects the healing.
You feel better. The ogre hits you with a giant club!
* * * LOW HITPOINT WARNING * * *
You hit the ogre. You burn the ogre. Your squeeze misses the ogre.
The ogre is severely wounded.
You hit the ogre but do no damage. You squeeze the ogre.
The ogre is severely wounded.
The ogre hits you with a giant club!!
Ouch! That really hurt!
You die...

.....####.#.......#..............
#'##....#.#####....#.#.#<#.#.#.#.
########÷...........>.......#.#.#
≈≈≈≈≈≈≈#...####..#.#.########.#†#
≈≈(≈≈≈÷'.÷....#...............#.#
≈≈≈≈≈≈≈#......##.#.#.##########.#
##########.##.#...............#.#
#####.##.#......##.......#.#
#..)......O@.....'..........
#.....######..####....[[(#.#
#....).................<.#.#
#...........#####)#####..#.#
#.......###.#.....#####..#..
#......$### #.#.###.....#..###
.........%# #.#.......#.#..#
...........# #.#.....#.#.#..#
...........# ##.##.##.#.#.#..#


You could see an ogre.

Vanquished Creatures
  The ghost of Kholdaimon the Slasher, an amateur MfGl (D:4)
  Sigmund (D:3)
  A phantom (D:4)
  A scorpion (D:4)
  A hound (D:4)
  2 iguanas (D:4)
  Natasha (thrice) (D:2)
  4 orc wizards
  2 worker ants (D:4)
  6 adders
  A river rat (D:4)
  An ooze (D:3)
  5 worms
  4 dart slugs
  3 leopard geckos
  10 orcs
  10 bats
  7 giant cockroaches
  6 goblins
  7 hobgoblins
  10 jackals
  A quokka (D:3)
  2 ball pythons (D:1)
  3 frilled lizards
  5 kobolds
  6 rats
103 creatures vanquished.

Notes
Turn   | Place    | Note
-------+----------+-------------------------------------------
     0 | D:1      | Fandomethor the Octopode Monk began the quest for the Orb.
     0 | D:1      | Reached XP level 1. HP: 16/16 MP: 1/1
    72 | D:1      | Reached XP level 2. HP: 21/21 MP: 2/2
   137 | D:1      | Found a shattered altar of Ashenzari.
   213 | D:1      | Reached skill level 4 in Polearms
   241 | D:1      | Reached XP level 3. HP: 23/26 MP: 3/3
   680 | D:2      | Reached XP level 4. HP: 22/31 MP: 4/4
   710 | D:2      | Reached skill level 5 in Polearms
   712 | D:2      | Noticed Natasha
   722 | D:2      | Killed Natasha
   770 | D:2      | Reached XP level 5. HP: 16/36 MP: 5/5
   890 | D:2      | Noticed Natasha
   898 | D:2      | Killed Natasha
   930 | D:2      | Noticed Natasha
   938 | D:2      | Killed Natasha
   938 | D:2      | Reached skill level 6 in Polearms
  1221 | D:3      | Reached XP level 6. HP: 35/42 MP: 6/6
  1228 | D:3      | Found a hazy altar of Hepliaklqana.
  1532 | D:3      | Noticed Sigmund
  1536 | D:3      | Killed Sigmund
  1536 | D:3      | Reached skill level 7 in Polearms
  1543 | D:3      | Reached XP level 7. HP: 40/46 MP: 7/7
  1972 | D:4      | Reached skill level 8 in Polearms
  2052 | D:4      | Found a runed door.
  2055 | D:4      | Noticed Kholdaimon's ghost (amateur MfGl)
  2073 | D:4      | Gained mutation: Potions are less effective at restoring your health. [potion of mutation]
  2073 | D:4      | Gained mutation: You are agile. (Dex +2) [potion of mutation]
  2073 | D:4      | Gained mutation: You expend magic power (3 MP) to strengthen your wands. [potion of mutation]
  2116 | D:4      | Killed Kholdaimon's ghost
  2116 | D:4      | Reached skill level 9 in Polearms
  2143 | D:4      | Found a runed door.
  2157 | D:4      | HP: 1/46 [iguana (7)]
  2191 | D:4      | Reached XP level 8. HP: 24/52 MP: 8/8
  2565 | D:4      | Demolished by an ogre

Vault maps used:
D:1:      minmay_arrival_solitary_statue, hangedman_abyss_or_decor_lesser_grid,
          ashenzari_altar_1
D:2:      first_ration, guppyfry_early_orc_mine, uniq_natasha
D:3:      overflow_temple_1_default, grunt_ministairs_3, kennysheep_potato,
          uniq_sigmund
D:4:      ebering_ghost_sewer_f, st_stairs_12, minmay_lizard_king

Skill      XL: |  1  2  3  4  5  6  7 |
---------------+----------------------+-----
Polearms       | 4 5 6 7 9 |  9.7
Fighting       | |  3.0
Dodging        | |  3.0
Stealth        | |  2.6

Action                   |  1- 3 |  4- 6 |  7- 9 || total
-------------------------+-------+-------+-------++-------
Melee: Spear             |    83 |   109 |   128 ||   320
       Constrict         |    14 |    22 |    15 ||    51
       Tentacles         |     5 |    17 |    11 ||    33
  Use: Potion            |       |     1 |     9 ||    10
 Stab: Sleeping          |    13 |    10 |     5 ||    28
  Eat: Chunk             |       |     2 |     2 ||     4
Armor: Skin              |     1 |     3 |    38 ||    42
Dodge: Dodged            |    20 |    31 |    22 ||    73

Table legend:
 A = Spawn XP
 B = Non-spawn XP
 C = Spawn XP percentage of total XP
 D = Spawn monster count
 E = Non-spawn monster count
 F = Spawn count percentage of total count
 G = Total turns spent on level
                    A         B        C        D         E        F      G
               +---------+---------+-------+---------+---------+-------+---------
         Total |       0 |    1415 |   0.0 |       0 |     103 |   0.0 |  2565
               +---------+---------+-------+---------+---------+-------+---------
           D:1 |       0 |      43 |   0.0 |       0 |      22 |   0.0 |   543
           D:2 |       0 |     217 |   0.0 |       0 |      26 |   0.0 |   514
           D:3 |       0 |     373 |   0.0 |       0 |      33 |   0.0 |  1073
           D:4 |       0 |     782 |   0.0 |       0 |      22 |   0.0 |   435
               +---------+---------+-------+---------+---------+-------+---------
